 Dungeon Crawl Stone Soup version 0.30-a0-862-g1aabd4f9c5 (webtiles) character file.

Game seed: 5610836621322174659

135 retardedninja the Shield-Bearer (level 5, -1/70 HPs)
             Began as a Gnoll Fighter on Mar 7, 2023.
             Succumbed to an orc wizard's poison
             ... on level 3 of the Dungeon on Mar 8, 2023.
             The game lasted 00:02:54 (1938 turns).

retardedninja the Shield-Bearer (Gnoll Fighter)     Turns: 1938, Time: 00:02:54

Health: -1/70      AC:  7    Str: 17    XL:     5   Next: 18%
Magic:  7/7        EV:  9    Int:  7    God:
Gold:   191        SH:  5    Dex: 12    Spells: 6/6 levels left

rFire   . . .      SeeInvis .    a - +0 war axe
rCold   . . .      Faith    .    c - +0 buckler
rNeg    . . .      Spirit   .    b - +0 scale mail
rPois   .          Reflect  .    (no helmet)
rElec   .          Rampage  .    (no cloak)
rCorr   .                        (no gloves)
Will    .....                    (no boots) Stlth
                                 (no amulet)
HPRegen 0.31/turn                (no ring)
MPRegen 0.10/turn                (no ring)

@: berserking, lethally poisoned (-1 -> -14), very quick
A: fangs 1, strong nose, distributed training
a: no special abilities


You were on level 3 of the Dungeon.
You visited 1 branch of the dungeon, and saw 3 of its levels.

You collected 191 gold pieces.

Inventory:

Hand Weapons
 a - a +0 war axe (weapon)
Missiles
 p - 5 javelins (quivered)
Armour
 b - a +0 scale mail (worn)
 c - a +0 buckler (worn)
 m - a +2 helmet
Jewellery
 l - a +6 ring of intelligence
 n - a ring of wizardry
 q - an amulet of regeneration
 r - an amulet of reflection
Scrolls
 e - a scroll of fog {unknown}
 i - a scroll of noise {unknown}
 k - a scroll of silence {unknown}
 o - a scroll of immolation {unknown}
 s - a scroll of teleportation {unknown}
Potions
 d - a potion of might
 h - 2 potions of degeneration
 j - 2 potions of attraction


   Skills:
 + Level 6.7 Fighting
 + Level 1.4 Short Blades
 + Level 1.4 Long Blades
 + Level 4.8 Axes
 + Level 1.4 Maces & Flails
 + Level 1.4 Polearms
 + Level 1.4 Staves
 + Level 1.4 Ranged Weapons
 + Level 1.4 Throwing
 + Level 6.7 Armour
 + Level 1.4 Dodging
 + Level 1.4 Stealth
 + Level 6.7 Shields
 + Level 1.4 Unarmed Combat
 + Level 1.4 Spellcasting
 + Level 1.1 Conjurations
 + Level 1.1 Hexes
 + Level 1.1 Summonings
 + Level 1.1 Necromancy
 + Level 1.1 Translocations
 + Level 1.1 Transmutations
 + Level 1.1 Fire Magic
 + Level 1.1 Ice Magic
 + Level 1.1 Air Magic
 + Level 1.1 Earth Magic
 + Level 1.1 Poison Magic
 + Level 1.6 Invocations
 + Level 1.4 Evocations


You had 6 spell levels left.
You didn't know any spells.
Your spell library was empty.

Dungeon Overview and Level Annotations

Branches:
Dungeon (3/15)

Altars:
Cheibriados


Innate Abilities, Weirdness & Mutations

You have very sharp teeth.
Your uncanny sense of smell can sniff out nearby items.
Your experience applies equally to all skills.


Message History

The orc wizard barely misses you.
The orc priest hits you but does no damage.
It was a potion of curing.
You feel better.
The orc priest mumbles some strange prayers to Beogh against you.
Beogh smites you!
* * * LOW HITPOINT WARNING * * *
The orc wizard hits you but does no damage.
You are lethally poisoned!
The orc hits you with a +0 war axe.
* * * LOW HITPOINT WARNING * * *
The orc hits you but does no damage.
Unknown command.
Unknown command.
Unknown command.
A red film seems to cover your vision as you go berserk!
You feel yourself moving faster!
You feel mighty!
* * * LOW HITPOINT WARNING * * *
You feel very sick.
The orc priest hits you with a +0 short sword.
* * * LOW HITPOINT WARNING * * *
The orc closely misses you. You block the orc's attack.
The orc wizard gestures at you while chanting.
You resist with some effort.
You slash the orc!
You kill the orc!
You closely miss the orc wizard. You barely miss the orc.
You barely miss the orc priest.
* * * LOW HITPOINT WARNING * * *
You feel sick.
The orc wizard hits you but does no damage.
You are more poisoned.
The orc barely misses you.
The orc priest hits you but does no damage.
* * * LOW HITPOINT WARNING * * *
You feel sick.
Things that are here:
a +0 war axe; an orc corpse; an adder corpse Unknown command.
You feel a strong urge to attack something.
You die...

.###
#.......###.......#....
...# #.####..#
#########.### ...# #.#
#..## #.### ...## #.#
#...## #...# ....####
#.# ##.#..## ##..#
.##....# #.# #..##..#
#8..# ####...## #..
#o.o.#.### ##..#
#8....8# ##..#))o......
#... ##.....##
#...@....### ##..#
#.....## ##.......#
#8..# .....## #.$....>#
##.)# ....8# ........##
#... ...### ####.....#
##... ..## .......
#⌠### .## .......# ###
# .8# #.......# .##


You could see an orc priest, an orc wizard and an orc.

Vanquished Creatures
  A jelly (D:3)
  3 adders
  3 worms (D:2)
  3 dart slugs
  2 orcs (D:3)
  4 bats
  9 endoplasms
  2 giant cockroaches
  4 goblins
  5 hobgoblins
  6 jackals
  3 kobolds
  2 quokkas
  2 ball pythons (D:1)
  2 frilled lizards
  7 rats
58 creatures vanquished.

Notes
Turn   | Place    | Note
-------+----------+-------------------------------------------
     0 | D:1      | retardedninja the Gnoll Fighter began the quest for the
                  | Orb.
     0 | D:1      | Reached XP level 1. HP: 23/23 MP: 1/1
   115 | D:1      | Reached XP level 2. HP: 29/29 MP: 2/2
   194 | D:1      | Upgraded the game from 0.30-a0-860-g512cf1e979 to
                  | 0.30-a0-862-g1aabd4f9c5
   342 | D:1      | Reached XP level 3. HP: 35/35 MP: 3/3
   860 | D:2      | Reached skill level 1 in Invocations
   943 | D:2      | Reached skill level 1 in Short Blades
   943 | D:2      | Reached skill level 1 in Long Blades
   943 | D:2      | Reached skill level 1 in Maces & Flails
   943 | D:2      | Reached skill level 1 in Polearms
   943 | D:2      | Reached skill level 1 in Staves
   943 | D:2      | Reached skill level 1 in Ranged Weapons
   943 | D:2      | Reached skill level 1 in Throwing
   943 | D:2      | Reached skill level 1 in Dodging
   943 | D:2      | Reached skill level 1 in Stealth
   943 | D:2      | Reached skill level 1 in Unarmed Combat
   943 | D:2      | Reached skill level 1 in Spellcasting
   943 | D:2      | Reached skill level 1 in Evocations
  1094 | D:2      | Reached XP level 4. HP: 41/41 MP: 5/5
  1363 | D:3      | Found a snail-covered altar of Cheibriados.
  1624 | D:3      | Reached skill level 1 in Conjurations
  1624 | D:3      | Reached skill level 1 in Hexes
  1624 | D:3      | Reached skill level 1 in Summonings
  1624 | D:3      | Reached skill level 1 in Necromancy
  1624 | D:3      | Reached skill level 1 in Translocations
  1624 | D:3      | Reached skill level 1 in Transmutations
  1624 | D:3      | Reached skill level 1 in Fire Magic
  1624 | D:3      | Reached skill level 1 in Ice Magic
  1624 | D:3      | Reached skill level 1 in Air Magic
  1624 | D:3      | Reached skill level 1 in Earth Magic
  1624 | D:3      | Reached skill level 1 in Poison Magic
  1779 | D:3      | Reached XP level 5. HP: 38/47 MP: 7/7
  1936 | D:3      | HP: 2/70 [poisoned by an orc wizard]
  1938 | D:3      | Succumbed to an orc wizard's poison

Illustrated notes

Levels and vault maps discovered:
D:1:      lightli_iron_boxes, layout_loops_cross,
          nicolae_kite_square_tiling_tiny, minmay_splitting_lines, minivault_24,
          minmay_heptomino_h4
D:2:      layout_basic
D:3:      layout_rooms, mainiacjoe_overflow_small_starburst,
          dilly_ecumenical_altar_fadedgnrine, serial_corexii_hall,
          chequers_hall_statues_y, chequers_hall_statues_corner_a,
          minmay_misc_feat_more_columns

Skill      XL: |  1  2  3  4 |
---------------+-------------+-----
Invocations    | 1 |  1.6
Short Blades   | 1 |  1.4
Long Blades    | 1 |  1.4
Maces & Flails | 1 |  1.4
Polearms       | 1 |  1.4
Staves         | 1 |  1.4
Ranged Weapons | 1 |  1.4
Throwing       | 1 |  1.4
Dodging        | 1 |  1.4
Stealth        | 1 |  1.4
Unarmed Combat | 1 |  1.4
Spellcasting   | 1 |  1.4
Evocations     | 1 |  1.4
Conjurations   | 1 |  1.1
Hexes          | 1 |  1.1
Summonings     | 1 |  1.1
Necromancy     | 1 |  1.1
Translocations | 1 |  1.1
Transmutations | 1 |  1.1
Fire Magic     | 1 |  1.1
Ice Magic      | 1 |  1.1
Air Magic      | 1 |  1.1
Earth Magic    | 1 |  1.1
Poison Magic   | 1 |  1.1
Fighting       | |  6.7
Axes           | |  4.8
Armour         | |  6.7
Shields        | |  6.7

Action                     |  1- 3 |  4- 6 || total
---------------------------+-------+-------++-------
  Melee: War axe           |    92 |    45 ||   137
         Bite              |     5 |     6 ||    11
  Throw: Javelin           |       |     8 ||     8
    Use: Scroll            |       |     3 ||     3
         Potion            |       |     2 ||     2
 Armour: Scale mail        |    50 |    15 ||    65
  Dodge: Dodged            |    53 |    26 ||    79
  Block: Buckler           |    22 |    10 ||    32

Table legend: (Time is in decaauts)
 A = Elapsed time spent in this place.
 B = Non-inter-level travel time spent in this place.
 C = Inter-level travel time spent in this place.
 D = Time resting spent in this place.
 E = Time spent auto-exploring this place.
 F = Levels seen in this place.
 G = Mean time per level.
                   A        B        C        D        E       F      G
               +--------+--------+--------+--------+--------+-----+--------+
         Total |   1982 |   1956 |     26 |     36 |   1490 |   3 |  660.7 |
       Dungeon |   1982 |   1956 |     26 |     36 |   1490 |   3 |  660.7 |
               +--------+--------+--------+--------+--------+-----+--------+

Top non-repeatable levels by time:
     D:1: 772 daAuts
     D:2: 622 daAuts
     D:3: 587 daAuts
